Map: [ESL] Oceanborn

Players

ByuN

  • Race: Terran Terran
  • Spawn Location: 11:00

SHIN - Winner!

  • Race: Zerg Zerg
  • Spawn Location: 5:00

VOD

Have the link to the VOD?

Description

Time

  • Played on: Dec. 6, 2023, 4:19 a.m.
  • Length: 16:36
Show
View Real Time Build Order
Export as new Build Order

ByuN Terran 

Build Orders: Command Center First, Hellion Banshee 

Get SALT Encoding   

  12  0:00  SCV  
  13  0:12  SCV  
  14  0:16  Supply Depot  
  14  0:24  SCV  
  15  0:38  SCV  
  16  0:50  SCV  
  17  0:58  Command Center  
  17  1:02  SCV  
  18  1:12  Barracks  
  18  1:15  SCV  
  19  1:20  Refinery  
  19  1:27  SCV  
  19  1:28  Refinery  
  20  1:39  SCV  
  21  1:51  SCV  
  22  1:58  Marine  
  23  2:03  Orbital Command  
  23  2:07  Factory  
  23  2:11  Orbital Command  
  23  2:17  Barracks Reactor  
  23  2:23  Supply Depot  
  23  2:29  SCV  
  24  2:39  SCV  
  24  2:41  SCV  
  26  2:51  SCV  
  27  2:52  Starport  
  27  2:53  SCV  
  27  2:58  Hellion x2  
  32  2:59  Barracks Tech Lab  
  32  3:03  SCV  
  32  3:04  Supply Depot  
  32  3:05  SCV  
  34  3:15  SCV  
  34  3:17  SCV  
  34  3:19  Hellion x2  
  40  3:27  Supply Depot, Barracks Tech Lab, SCV  
  40  3:29  SCV  
  40  3:33  Cloaking Field  
  40  3:34  Banshee  
  45  3:39  SCV  
  46  3:41  SCV  
  46  3:44  Hellion  
  46  3:46  Hellion  
  51  3:49  Supply Depot  
  51  3:51  SCV  
  51  3:53  SCV  
  51  3:54  Marine  
  54  3:57  Stimpack  
  54  4:04  SCV  
  54  4:06  SCV  
  56  4:16  SCV  
  57  4:18  SCV, Command Center  
  57  4:20  Banshee  
  61  4:28  Supply Depot, SCV  
  61  4:29  Factory Reactor  
  61  4:30  SCV  
  63  4:40  SCV  
  63  4:41  Marine  
  63  4:42  SCV, Barracks x2  
  66  4:48  Engineering Bay  
  66  4:49  Engineering Bay  
  66  4:52  Refinery  
  67  4:53  Refinery  
  67  4:57  SCV  
  67  4:58  SCV  
  68  5:08  Barracks  
  68  5:10  SCV x2, Starport Reactor, Barracks  
  68  5:11  Marine  
  71  5:16  Terran Infantry Weapons Level 1, Terran Infantry Armor Level 1  
  71  5:20  Factory Reactor  
  71  5:22  SCV x2  
  71  5:27  Supply Depot  
  73  5:29  Marine  
  73  5:31  Marine x2  
  73  5:35  SCV x2  
  78  5:39  Marine  
  78  5:40  Marine  
  80  5:47  SCV x2, Marine  
  83  5:50  Medivac x2  
  83  5:51  Marine x2  
  89  5:57  Marine x2  
  89  5:59  Supply Depot, SCV x2, Armory  
  89  6:02  Supply Depot  
  94  6:05  Marine  
  94  6:06  Barracks Reactor  
  94  6:07  Barracks Reactor  
  94  6:08  Orbital Command  
  94  6:11  SCV x2  
  94  6:13  Marine x2  
  94  6:15  Marine  
  99  6:23  SCV x2  
  101  6:26  Supply Depot  
  101  6:31  Marine x2  
  94  6:32  Marine  
  94  6:33  Marine x2  
  94  6:34  Medivac  
  94  6:35  Medivac  
  94  6:36  Widow Mine  
  94  6:37  SCV  
  94  6:38  SCV  
  94  6:39  SCV  
  106  6:47  Marine x4  
  106  6:49  Combat Shield, SCV  
  106  6:50  SCV  
  106  6:52  SCV  
  113  6:55  Supply Depot  
  113  7:02  Marine x2, Widow Mine x2  
  113  7:03  Marine x2  
  113  7:05  SCV  
  113  7:06  SCV x2  
  124  7:10  Marine, Factory  
  125  7:16  Supply Depot, Marine x3  
  125  7:17  Terran Infantry Armor Level 2  
  125  7:21  Terran Infantry Weapons Level 2  
  128  7:28  Marine x2  
  128  7:32  Marine x4  
  128  7:34  Marine x2, Widow Mine x2  
  132  7:46  Refinery  
  132  7:48  Command Center  
  132  7:49  SCV x3  
  132  7:50  Marine x3  
  132  7:51  Marine x4  
  141  7:59  Factory Tech Lab  
  141  8:02  Supply Depot  
  138  8:06  Supply Depot  
  138  8:12  Marine, Barracks x2  
  138  8:13  Marine x3, Barracks  
  138  8:18  Marine x5  
  149  8:20  Widow Mine  
  149  8:24  Widow Mine  
  131  8:29  Drilling Claws  
  131  8:30  Marine x2, Widow Mine  
  131  8:31  Marine  
  131  8:32  Medivac x2  
  140  8:35  Terran Vehicle And Ship Armor Level 1  
  140  8:38  Marine x3  
  141  8:41  Marine x2, Widow Mine  
  141  8:42  Marine  
  141  8:45  Widow Mine  
  146  8:51  Widow Mine  
  146  8:54  Marine  
  146  8:55  Marine x2  
  148  8:56  Marine x2  
  148  8:58  Marine  
  148  8:59  Marine x2  
  148  9:00  Barracks Reactor  
  148  9:02  Widow Mine, Medivac x2  
  160  9:03  Barracks Reactor x2  
  160  9:12  Marine  
  160  9:15  Supply Depot  
  161  9:17  Widow Mine x2  
  161  9:18  Marine  
  161  9:19  Marine x6  
  161  9:24  Widow Mine  
  174  9:28  Marine  
  174  9:30  Marine  
  176  9:32  Medivac  
  176  9:36  Marine x4  
  176  9:37  Marine, Terran Infantry Weapons Level 3  
  183  9:46  Terran Infantry Armor Level 3  
  183  9:50  Marine x6  
  185  9:53  Widow Mine  
  185  9:54  Marine, Widow Mine  
  185  9:55  Marine  
  185  9:56  Marine  
  185  9:57  Marine, Widow Mine  
  185  9:58  Marine  
  183  10:02  Marine  
  183  10:04  Marine x3  
  151  10:07  Marine  
  151  10:08  Marine x5  
  151  10:14  Marine x3  
  150  10:15  Marine, Widow Mine x2  
  150  10:16  Marine  
  150  10:18  Widow Mine  
  150  10:20  Marine  
  156  10:22  Marine  
  156  10:24  SCV x2  
  156  10:27  SCV  
  159  10:36  Widow Mine  
  159  10:37  Supply Depot  
  159  10:38  Supply Depot  
  159  10:41  Marine x6  
  167  10:43  Marine  
  167  10:45  SCV  
  167  10:46  SCV  
  167  10:48  SCV  
  167  10:52  Marine x4  
  167  10:55  Factory Reactor  
  159  10:57  Orbital Command  
  159  11:05  Marine x8  
  159  11:08  SCV x2  
  159  11:10  Marine  
  159  11:11  Marine  
  171  11:13  Marine  
  170  11:25  Marine x2  
  171  11:29  Marine  
  171  11:34  Marine x4  
  171  11:36  Marine, Widow Mine x2  
  171  11:37  Marine  
  171  11:39  Widow Mine x2  
  160  11:40  Marine  
  160  11:44  Marine  
  159  11:47  Medivac x2  
  159  11:49  Marine x3  
  159  11:51  Marine  
  159  11:52  Marine x2  
  169  11:55  Marine x7  
  169  11:58  Marine, Widow Mine x2  
  169  12:00  Widow Mine x2  
  178  12:02  Marine  
  178  12:03  SCV x3  
  178  12:05  Sensor Tower  
  182  12:10  Marine x3  
  182  12:11  Marine  
  182  12:15  SCV  
  185  12:17  Medivac x2  
  185  12:19  Widow Mine x2  
  188  12:25  Supply Depot  
  188  12:26  Marine x6  
  188  12:27  Widow Mine  
  196  12:41  Marine x2  
  196  12:46  Marine x2  
  196  12:47  Marine x2, Widow Mine  
  196  12:48  Marine x3  
  196  12:49  Marine, Widow Mine x2  
  196  12:50  Marine x2  
  198  12:53  Marine x3  
  198  12:54  Widow Mine  
  196  12:59  Marine  
  196  13:03  Medivac x2  
  196  13:04  Marine  
  175  13:07  Marine x5  
  175  13:08  Widow Mine  
  175  13:11  Widow Mine x2  
  173  13:16  Widow Mine  
  169  13:23  Barracks Tech Lab  
  169  13:25  Barracks Tech Lab, Marine x8  
  169  13:26  Barracks Tech Lab  
  178  13:27  Marauder  
  178  13:29  Widow Mine  
  178  13:32  Widow Mine  
  178  13:33  Medivac x2  
  187  13:39  Widow Mine x2  
  191  13:43  Marauder x2  
  191  13:44  Missile Turret  
  191  13:48  Marauder  
  197  13:49  Marauder  
  190  13:56  Orbital Command  
  159  14:02  Medivac  
  159  14:03  Medivac  
  159  14:04  Marine, Marauder x2  
  159  14:06  Widow Mine  
  159  14:07  Widow Mine  
  159  14:09  Marauder  
  158  14:10  Marauder  
  158  14:11  Marine  
  158  14:12  Marine x2  
  158  14:13  Marine  
  158  14:16  SCV x2  
  160  14:17  SCV  
  160  14:21  SCV  
  160  14:23  Widow Mine x2  
  147  14:25  Marine x4  
  147  14:26  Marauder x2  
  147  14:28  SCV  
  147  14:29  Marine  
  147  14:31  Marauder  
  158  14:32  Marauder  
  158  14:36  Concussive Shells  
  158  14:46  Widow Mine x2  
  158  14:47  Marauder x2, Widow Mine  
  158  14:48  Widow Mine  
  158  14:52  Marine x4, Marauder  
  176  14:53  Marauder  
  176  14:56  Marine  
  176  14:57  Marine  
  178  15:04  Sensor Tower  
  178  15:08  Marauder  
  178  15:09  Marauder  
  178  15:13  Marauder  
  183  15:20  Marauder  
  181  15:28  Widow Mine  
  176  15:30  Marine x3, Marauder x2  
  176  15:35  Marauder  
  171  15:37  Marine x2  
  171  15:39  Marine x2, Liberator  
  171  15:40  Liberator  
  171  15:41  Marauder  
  183  15:44  Widow Mine x2  
  142  15:51  Marauder x2  
  142  15:54  Marine x2  
  142  15:56  Marauder, Widow Mine  
  140  16:01  Marine x2  
  140  16:03  Marauder  
  106  16:13  Marauder x2  
Show
View Real Time Build Order
Export as new Build Order

SHIN Zerg - Winner!

Build Orders: Hatch First 

Get SALT Encoding   

  12  0:00  Drone  
  13  0:08  Drone  
  14  0:15  Drone, Extractor  
  15  0:37  Hatchery  
  15  0:42  Drone, Extractor  
  14  0:48  Overlord  
  15  1:02  Spawning Pool  
  14  1:06  Drone  
  14  1:09  Drone  
  16  1:13  Drone  
  16  1:17  Drone  
  18  1:28  Drone, Extractor  
  18  1:38  Drone  
  19  1:49  Queen x2  
  19  1:50  Drone  
  19  1:51  Drone  
  25  2:00  Drone, Overlord  
  26  2:10  Drone x2  
  28  2:21  Drone x2  
  30  2:28  Hatchery  
  29  2:38  Drone x2  
  29  2:39  Metabolic Boost  
  31  2:44  Queen  
  31  2:49  Overlord  
  33  2:53  Drone x2  
  33  2:56  Drone  
  36  3:02  Overlord  
  36  3:07  Drone x3  
  36  3:10  Queen  
  41  3:17  Drone x2  
  43  3:20  Queen  
  43  3:23  Drone  
  46  3:28  Zergling x8  
  46  3:32  Zergling x4  
  52  3:36  Overlord  
  52  3:39  Queen  
  54  3:43  Drone x2  
  54  3:44  Drone  
  57  3:52  Drone  
  57  3:53  Queen  
  57  3:54  Overlord  
  60  3:56  Drone  
  60  3:59  Drone  
  60  4:01  Drone x2  
  64  4:03  Drone x2  
  66  4:11  Overlord  
  66  4:12  Drone, Queen  
  66  4:14  Drone  
  70  4:18  Queen  
  70  4:21  Overlord  
  70  4:23  Drone x2  
  74  4:30  Spore Crawler  
  74  4:31  Spore Crawler x2, Drone  
  72  4:33  Zergling x4  
  72  4:35  Drone x2  
  76  4:39  Drone x2  
  76  4:40  Drone  
  76  4:42  Queen  
  76  4:44  Drone  
  82  4:47  Overlord  
  82  4:48  Overlord  
  82  4:52  Lair  
  82  4:55  Overlord  
  82  4:57  Overlord  
  82  5:00  Overlord, Extractor  
  82  5:01  Extractor  
  82  5:02  Drone  
  82  5:03  Drone  
  82  5:06  Drone x3  
  84  5:07  Drone  
  84  5:08  Drone  
  84  5:09  Drone  
  84  5:13  Drone  
  88  5:15  Drone  
  88  5:16  Drone, Evolution Chamber  
  88  5:17  Evolution Chamber  
  88  5:21  Drone x2, Baneling Nest  
  90  5:22  Drone  
  90  5:24  Drone x2  
  92  5:33  Drone x2  
  94  5:41  Hatchery, Zergling x14  
  100  5:42  Extractor  
  100  5:47  Zerg Melee Weapons Level 1, Zerg Ground Armor Level 1  
  99  5:50  Overseer  
  99  5:52  Zergling x6  
  99  5:53  Zergling x2  
  99  5:56  Zergling x6  
  105  6:05  Centrifugal Hooks, Overlord  
  105  6:07  Zergling x8  
  105  6:11  Zergling x6  
  112  6:17  Zergling x6  
  114  6:23  Zergling x8  
  118  6:29  Zergling x8  
  121  6:33  Zergling x2  
  121  6:38  Drone x3  
  121  6:39  Hydralisk Den, Drone x2, Extractor  
  125  6:43  Baneling x11  
  125  6:45  Drone  
  126  6:48  Drone x2  
  129  6:54  Zergling x2  
  129  6:55  Baneling x2  
  129  6:57  Drone  
  129  7:00  Baneling x2  
  129  7:01  Baneling x2  
  130  7:02  Drone x2  
  130  7:04  Drone  
  130  7:05  Drone  
  130  7:06  Overlord  
  130  7:07  Drone x2  
  136  7:09  Grooved Spines  
  136  7:10  Overlord x2  
  136  7:13  Overlord x4  
  136  7:14  Spore Crawler, Overlord, Extractor  
  134  7:22  Hatchery  
  132  7:27  Hydralisk  
  132  7:28  Hydralisk x3  
  132  7:32  Drone x2  
  132  7:34  Drone  
  132  7:35  Drone  
  132  7:37  Drone x8  
  132  7:40  Zergling x6  
  132  7:42  Hydralisk  
  132  7:43  Zergling x4  
  146  7:45  Zerg Melee Weapons Level 2  
  146  7:47  Zerg Ground Armor Level 2  
  142  7:54  Zergling x8  
  142  7:57  Baneling  
  142  7:58  Baneling x3  
  146  8:02  Zergling x2, Muscular Augments, Hydralisk  
  146  8:03  Zergling x4  
  151  8:06  Baneling  
  151  8:08  Drone x9  
  159  8:13  Extractor  
  159  8:16  Pneumatized Carapace  
  159  8:19  Zergling x8  
  160  8:20  Overseer  
  160  8:25  Hydralisk  
  160  8:26  Zergling x2  
  151  8:32  Drone x2, Hydralisk  
  151  8:33  Zergling x10  
  160  8:34  Infestation Pit  
  160  8:35  Drone x3  
  160  8:37  Spore Crawler, Hydralisk x3  
  160  8:38  Zergling x6  
  169  8:41  Baneling x6  
  169  8:45  Spore Crawler  
  169  8:46  Spore Crawler, Zergling x8  
  164  8:54  Spore Crawler  
  164  8:55  Zergling x6  
  167  8:57  Baneling x12  
  167  9:01  Zergling x4  
  167  9:02  Zergling x10  
  174  9:07  Zergling x16  
  174  9:09  Overseer x2  
  182  9:11  Zergling x2  
  183  9:18  Zergling x12  
  183  9:20  Baneling x3  
  189  9:24  Hive  
  189  9:28  Baneling x11  
  189  9:29  Extractor  
  188  9:31  Zergling x10  
  188  9:34  Hatchery  
  188  9:36  Baneling x6  
  191  9:39  Zergling x2  
  191  9:40  Zergling x10  
  197  9:47  Zergling x2  
  194  9:55  Zergling x24  
  194  9:56  Zergling x2  
  184  10:00  Zergling x14  
  174  10:11  Zergling x16  
  176  10:16  Zerg Missile Weapons Level 1  
  176  10:19  Zergling x2, Hydralisk  
  176  10:20  Zergling x12  
  179  10:23  Drone x2  
  179  10:26  Drone x2  
  179  10:28  Baneling x28  
  176  10:31  Zergling x10  
  181  10:37  Zergling x2  
  181  10:39  Spore Crawler, Zerg Ground Armor Level 3  
  178  10:48  Zergling x20  
  184  10:51  Baneling x14  
  180  11:02  Zergling x24  
  182  11:05  Ultralisk Cavern  
  182  11:07  Zergling x14  
  188  11:17  Overlord x2  
  188  11:18  Overlord x2  
  188  11:19  Baneling x4  
  188  11:20  Baneling x4  
  188  11:27  Spore Crawler  
  188  11:28  Spore Crawler  
  165  11:34  Hydralisk  
  165  11:35  Zergling x42  
  167  11:44  Zergling x14  
  171  11:51  Zergling x12  
  172  11:58  Chitinous Plating  
  172  12:05  Ultralisk  
  172  12:06  Zergling x2  
  179  12:09  Hatchery  
  175  12:15  Zergling x2  
  175  12:16  Zergling x18  
  184  12:25  Baneling x12  
  184  12:27  Zergling x4, Ultralisk  
  192  12:30  Baneling x6  
  192  12:31  Overseer  
  192  12:32  Overseer  
  192  12:37  Zerg Melee Weapons Level 3  
  192  12:41  Zergling x2, Ultralisk  
  197  12:44  Baneling x4  
  187  12:53  Zergling x6  
  187  12:54  Zergling x16  
  180  13:00  Zergling x16  
  169  13:07  Zergling x14  
  169  13:12  Burrow  
  168  13:17  Zergling x6, Anabolic Synthesis, Ultralisk  
  168  13:19  Baneling x8  
  171  13:23  Zergling x8  
  176  13:27  Zergling x8  
  176  13:29  Baneling  
  176  13:30  Baneling x8  
  179  13:35  Infestor x2  
  179  13:36  Infestor  
  179  13:40  Zergling x2  
  179  13:41  Zergling x6  
  189  13:50  Zergling x16  
  165  13:58  Zergling x10, Ultralisk  
  165  14:00  Zergling x6  
  165  14:01  Zergling x2  
  163  14:03  Zergling x4  
  163  14:04  Zergling x2  
  163  14:08  Ultralisk  
  153  14:13  Ultralisk  
  153  14:14  Zergling x2  
  153  14:15  Zergling x2  
  153  14:17  Infestor  
  161  14:18  Zergling x2  
  161  14:19  Zergling x2  
  161  14:21  Zergling x2  
  161  14:22  Zergling x2  
  161  14:23  Zergling x2  
  152  14:28  Zergling x2, Ultralisk  
  152  14:29  Zergling x2  
  152  14:30  Infestor  
  160  14:31  Zergling x2  
  160  14:37  Zergling x4, Ultralisk  
  169  14:48  Hydralisk Den, Zergling x12  
  171  14:55  Zergling x4, Ultralisk  
  171  14:56  Baneling x7  
  171  14:59  Zergling x6  
  182  15:01  Baneling x2  
  182  15:05  Zergling x6  
  185  15:07  Baneling  
  185  15:10  Zergling x6  
  185  15:13  Zergling x2  
  188  15:16  Hatchery  
  188  15:18  Baneling x7  
  188  15:20  Overseer  
  183  15:26  Zergling x16  
  183  15:27  Zergling x2  
  175  15:29  Zergling x2  
  175  15:33  Zergling x2, Ultralisk  
  175  15:34  Zergling x2  
  175  15:35  Overseer  
  171  15:36  Hydralisk  
  171  15:39  Hydralisk  
  171  15:41  Zergling x4  
  176  15:45  Hydralisk  
  176  15:46  Zergling x2  
  170  15:51  Zergling x6  
  170  15:52  Zergling x2  
  170  15:56  Hydralisk  
  159  15:57  Lurker Den  
  159  15:58  Hydralisk  
  159  16:02  Zergling x6  
  159  16:03  Zergling x2  
  152  16:05  Hydralisk  
  152  16:06  Hydralisk  
  152  16:08  Hydralisk  
  150  16:11  Hydralisk  
  150  16:12  Extractor  
  150  16:13  Extractor  
  150  16:16  Zergling x4  
Tags
 
Add a new tag
Caveats
  • Supply blocks, unpowered buildings, or Contaminate may cause inaccurate times.
  • Supply counts are checked every 10 seconds.